[Event "Early-Titled-Tuesday-Blitz-March-12-2024"]
[Site "Chess.com"]
[Date "2024.03.12"]
[Round "11"]
[White "StankovicIvan"]
[Black "ValentunHulka"]
[Result "1-0"]
[WhiteElo "2569"]
[BlackElo "2708"]
[TimeControl "180+1"]
[EndTime "10:03:08 PDT"]
[Termination "StankovicIvan won by resignation"]

1. e4 e5 2. d4 exd4 3. Qxd4 Nc6 4. Qe3 Nf6 5. Nc3 Bb4 6. Bd2 O-O 7. O-O-O Re8 8. f3 d5 9. Qf2 dxe4 10. Bg5 Bd7 11.
Nd5 Be7 12. Bxf6 Bxf6 13. fxe4 Bg5+ 14. Kb1 Ne5 15. Nf3 c6 16. Nxg5 cxd5 17. Nf3 Ng4 18. Qg3 dxe4 19. Bb5 Bxb5 20. Rxd8 Raxd8 21. Qxg4 exf3 22. gxf3 Bc6 23. Rg1 g6 24. h4 Re2 25.
h5 Rdd2 26. Rc1 Bd7 27. Qf4 Bf5 28. h6 Rxc2 29. Ka1 Rxc1+ 30. Qxc1 Rc2 31. Qe3 Rc8 32. b3 f6 33. Qe7 Rc1+ 34. Kb2 Rc2+ 35. Ka3 Rc7 36.
Qxc7 1-0

[Event "Early-Titled-Tuesday-Blitz-March-12-2024"]
[Site "Chess.com"]
[Date "2024.03.12"]
[Round "11"]
[White "HansOnTwitch"]
[Black "Rud_Makarian"]
[Result "1-0"]
[WhiteElo "3111"]
[BlackElo "3027"]
[TimeControl "180+1"]
[EndTime "10:03:15 PDT"]
[Termination "HansOnTwitch won on time"]

1. e4 c5 2. Nf3 d6 3. Bb5+ Nd7 4. O-O Nf6 5. Re1 a6 6. Bf1 b5 7. a4 b4 8. d4 cxd4 9. Qxd4 Rb8 10. e5 dxe5 11. Nxe5 Nxe5 12. Qxe5 Bb7 13. Bf4 Rc8 14. Nd2 e6 15. Nc4 Nd5 16. Rad1 Qf6 17. Qxf6 gxf6 18. Bg3 h5 19. h4 Bc5 20. Na5 Ba8 21. Bxa6 Rd8 22.
Nb7 Bxb7 23. Bxb7 Nb6 24. b3 Ke7 25. a5 Nc8 26. a6 Nd6 27. Rd3 Nxb7 28. axb7 Rxd3 29.
cxd3 e5 30. Rxe5+ fxe5 31. Bxe5 Rg8 32. b8=Q Rxb8 33. Bxb8 Ke6 34. Bf4 Kd5 35. Be3 Be7 36. g3 f5 37. Kg2 Bf6 38. f3 Be7 39. Kh3 Bd6 40. g4 hxg4+ 41. fxg4 f4 42. Bf2 f3 43. g5 Ke5 44. Kg4 1-0

[Event "Early-Titled-Tuesday-Blitz-March-12-2024"]
[Site "Chess.com"]
[Date "2024.03.12"]
[Round "11"]
[White "ExchangeAB"]
[Black "rikchessmx"]
[Result "1-0"]
[WhiteElo "2498"]
[BlackElo "2299"]
[TimeControl "180+1"]
[EndTime "10:03:15 PDT"]
[Termination "ExchangeAB won by checkmate"]

1. e4 c5 2. Nf3 e6 3. g3 a6 4. Bg2 Be7 5. O-O h5 6. d4 c4 7. d5 Qc7 8. Bf4 d6 9. e5 dxe5 10. Bxe5 Qb6 11. Bxg7 Rh7 12. Bd4 Bc5 13. dxe6 Bxe6 14.
Nc3 Bxd4 15. Nxd4 Qxb2 16. Nxe6 fxe6 17. Ne4 Ra7 18. Nd6+ Kf8 19. Qf3+ Qf6 20. Qe3 Nc6 21. Bxc6 bxc6 22. Nxc4 h4 23. Ne5 Rac7 24. Rab1 Nh6 25. Rb8+ Kg7 26. Rd1 Nf5 27. Qf4 hxg3 28. fxg3 Qh6 29.
Qg4+ Kf6 30. Nf3 Ne3 31. Qd4+ Kf7 32. Ne5+ Ke7 33. Qd8# 1-0

[Event "Early-Titled-Tuesday-Blitz-March-12-2024"]
[Site "Chess.com"]
[Date "2024.03.12"]
[Round "11"]
[White "BestStelker"]
[Black "AlexeiShirov"]
[Result "0-1"]
[WhiteElo "2720"]
[BlackElo "2873"]
[TimeControl "180+1"]
[EndTime "10:03:19 PDT"]
[Termination "AlexeiShirov won by resignation"]

1. Nf3 d5 2. c4 c6 3. e3 Nf6 4.
d4 Bf5 5. Qb3 Qb6 6. Nc3 e6 7. c5 Qc7 8. Ne5 Nbd7 9. f4 Ne4 10. Nxe4 Bxe4 11. Nxd7 Qxd7 12. Bd2 Be7 13. Rg1 O-O 14. Bd3 Bxd3 15. Qxd3 b6 16. Rc1 bxc5 17.
dxc5 Rfb8 18. b4 a5 19. a3 axb4 20. axb4 Ra2 21. Rc2 Qa7 22. Ke2 Ra3 23. Rc3 Ra4 24. Rb3 Bf6 25. Rc1 Rb5 26. e4 g6 27. e5 Be7 28. Rcb1 h5 29. g3 Ra2 30. Rc1 Qa4 31. Rbb1 Kf8 32. Ke1 Ke8 33. Qb3 Qxb3 34. Rxb3 Kd7 35. Kd1 Kc7 36. Rbb1 Kb7 37. Rc2 Ra4 38.
Rcb2 Ka6 39. Kc2 Rb7 40. Kb3 Kb5 41. Rc2 Rba7 42. Bc1 Rxb4+ 0-1

[Event "Early-Titled-Tuesday-Blitz-March-12-2024"]
[Site "Chess.com"]
[Date "2024.03.12"]
[Round "11"]
[White "GothamChess"]
[Black "ActorXu"]
[Result "0-1"]
[WhiteElo "2687"]
[BlackElo "2860"]
[TimeControl "180+1"]
[EndTime "10:03:19 PDT"]
[Termination "ActorXu won by resignation"]

1. e4 c5 2. a3 Nc6 3. b4 cxb4 4. axb4 Nxb4 5. c3 Nc6 6. d4 e6 7. d5 Ne5 8. f4 Ng6 9. d6 e5 10. Nf3 Nxf4 11. Bxf4 exf4 12. e5 g5 13. Bc4 Nh6 14. h4 g4 15. Ng5 Qb6 16. Qd4 Qxd4 17. cxd4 f6 18. exf6 Bxd6 19. Nc3 Nf5 20. Bf7+ Kd8 21. Bh5 Rf8 22. Nf7+ Rxf7 23. Bxf7 Bb4 24. Kd2 a5 25.
Rhe1 Ra6 26. Re8+ Kc7 27. Kd3 Bxc3 28. Rc1 Rxf6 29. Rxc3+ Rc6 30. Bg8 Rxc3+ 31. Kxc3 Nxh4 32. Bxh7 Nxg2 33. Be4 f3 34. Rg8 Ne3 35. Kd3 f2 36.
Bg2 0-1

[Event "Early-Titled-Tuesday-Blitz-March-12-2024"]
[Site "Chess.com"]
[Date "2024.03.12"]
[Round "11"]
[White "Ural_bogatyr"]
[Black "Danny_Billiards"]
[Result "0-1"]
[WhiteElo "2616"]
[BlackElo "2797"]
[TimeControl "180+1"]
[EndTime "10:03:19 PDT"]
[Termination "Danny_Billiards won by resignation"]

1. d4 Nf6 2. Nc3 d5 3. Bf4 a6 4. e3 h6 5. Nf3 e6 6. Ne5 Nbd7 7. a3 Nxe5 8. Bxe5 Bd6 9. Bd3 c5 10. Bxd6 Qxd6 11. dxc5 Qxc5 12. O-O Bd7 13. e4 dxe4 14.
Nxe4 Nxe4 15. Bxe4 Bc6 16. b4 Qc3 17. Qd3 Qxd3 18.
Bxd3 O-O 19. Rfd1 Rfd8 20. Rd2 Bb5 21. Rad1 Bxd3 22. Rxd3 Rdc8 23. R1d2 Rc7 24. Kf1 g5 25. Ke2 Kg7 26. Rd7 Rac8 27. Rxc7 Rxc7 28. Kd3 Rd7+ 29. Kc3 Rc7+ 30. Kb3 Kf6 31. c4 Ke5 32. c5 f5 33.
Kc4 f4 34. a4 Kf5 35. b5 axb5+ 36. axb5 e5 37. Rd8 e4 38. Kd4 Re7 39. Rf8+ Kg6 40. Ra8 e3 41. fxe3 fxe3 42. Ra1 e2 43. Re1 Kf5 44. c6 bxc6 45. bxc6 Kf4 46. c7 Rxc7 47. Rxe2 Rd7+ 48. Kc5 h5 49. Rf2+ Kg4 50. Kc4 Rd1 51. Rf3 Rd2 52. Rg3+ Kf4 53. Kc3 Rf2 54. Rh3 h4 55. g3+ Kg4 56. gxh4 Kxh3 57. hxg5 Rg2 0-1

[Event "Early-Titled-Tuesday-Blitz-March-12-2024"]
[Site "Chess.com"]
[Date "2024.03.12"]
[Round "11"]
[White "nelsi"]
[Black "LuisFSiles"]
[Result "0-1"]
[WhiteElo "2407"]
[BlackElo "2315"]
[TimeControl "180+1"]
[EndTime "10:03:20 PDT"]
[Termination "LuisFSiles won by checkmate"]

1. e4 c5 2. Nf3 Nc6 3. Bb5 g6 4. O-O Bg7 5. c3 Nf6 6. Re1 O-O 7.
d4 d5 8. e5 Ne4 9. Bxc6 bxc6 10. Nbd2 Nxd2 11. Qxd2 c4 12. b4 cxb3 13. axb3 Qb6 14.
b4 Bg4 15. Qd3 Bxf3 16. gxf3 a5 17. bxa5 Rxa5 18. Bg5 Rxa1 19. Rxa1 f6 20. exf6 exf6 21. Bf4 Qb7 22. Rb1 Qd7 23. Qa6 Qf5 24. Bg3 Qxb1+ 25. Kg2 Qb5 26. Qa7 Qe2 27. Qd7 Qe8 28. Qc7 h5 29. h4 f5 30. Bf4 Bf6 31. Bg3 Rf7 32. Qf4 Kg7 33. Qd6 Qd7 34. Qf4 Qe7 35. Kh3 c5 36.
Qd2 cxd4 37. cxd4 f4 38. Bxf4 Bxh4 39. Be5+ Bf6 40. f4 Bxe5 41. fxe5 Qe6+ 42. Kh2 Qf5 43. Kg2 Qf3+ 44. Kg1 Rf4 45. Qa2 Rg4+ 46. Kf1 Qd1# 0-1

[Event "Early-Titled-Tuesday-Blitz-March-12-2024"]
[Site "Chess.com"]
[Date "2024.03.12"]
[Round "11"]
[White "kidagent"]
[Black "Statham_01"]
[Result "0-1"]
[WhiteElo "2353"]
[BlackElo "2590"]
[TimeControl "180+1"]
[EndTime "10:03:21 PDT"]
[Termination "Statham_01 won by checkmate"]

1. e4 e5 2. Nf3 Nf6 3. Nc3 Nc6 4.
Bb5 Nd4 5. Ba4 c6 6. O-O d5 7. exd5 Bg4 8. dxc6 b5 9. Nxb5 Bxf3 10. Nxd4 Qxd4 11.
Qxf3 Qxa4 12. d4 e4 13. Qc3 Rc8 14. d5 Nxd5 15. Qe5+ Ne7 16. Re1 Qxc6 17. c3 Qd5 18. Qf4 Ng6 19. Rxe4+ Be7 20. Qe3 Rc4 21. Rd4 Rxd4 22.
cxd4 O-O 23. Bd2 Bf6 24. Bc3 Nh4 25. Qg3 Nf5 26. Qc7 Bxd4 27. Re1 Nh4 28. Qg3 Bxc3 29. bxc3 Ng6 30. h4 h5 31. f4 Qxa2 32. f5 Nh8 33. Qg5 Qd5 34. Qxh5 Qc5+ 35. Kh2 Qxc3 36. Rf1 Qf6 37. Qg4 a5 38. h5 Rd8 39. Rf4 Qe5 40.
Kh3 Rd3+ 41. g3 Qe1 42. Kh4 Qh1+ 43. Kg5 f6# 0-1

[Event "Early-Titled-Tuesday-Blitz-March-12-2024"]
[Site "Chess.com"]
[Date "2024.03.12"]
[Round "11"]
[White "tarno17"]
[Black "David_ATM"]
[Result "0-1"]
[WhiteElo "2211"]
[BlackElo "2377"]
[TimeControl "180+1"]
[EndTime "10:03:21 PDT"]
[Termination "David_ATM won on time"]

1. e4 e5 2. Nf3 Nc6 3. Bb5 a6 4. Ba4 Nf6 5. O-O Be7 6. Re1 b5 7. Bb3 O-O 8. a4 b4 9. d4 d6 10. h3 exd4 11. Nxd4 Nxd4 12. Qxd4 c5 13. Qd3 Be6 14.
Bxe6 fxe6 15. Nd2 d5 16. exd5 exd5 17. Nf3 Ne4 18. Be3 Qd6 19. c3 bxc3 20. bxc3 Rad8 21. Rab1 Qg6 22. Rb7 Bf6 23. Qxa6 Rd6 24. Qa7 Bxc3 25. Re2 Rdf6 26. Kf1 R6f7 27. Bxc5 Nxc5 28. Rxf7 Qxf7 29. Qxc5 d4 30. Qe5 h6 0-1

[Event "Early-Titled-Tuesday-Blitz-March-12-2024"]
[Site "Chess.com"]
[Date "2024.03.12"]
[Round "11"]
[White "Felix-Rose"]
[Black "emeli_chess"]
[Result "0-1"]
[WhiteElo "2253"]
[BlackElo "2380"]
[TimeControl "180+1"]
[EndTime "10:03:21 PDT"]
[Termination "emeli_chess won by resignation"]

1. d4 e5 2. dxe5 d6 3. e4 dxe5 4. Qxd8+ Kxd8 5. Bc4 Ke8 6. Nc3 Nf6 7.
Bg5 c6 8. O-O-O Be6 9. Bxe6 fxe6 10. f3 Nbd7 11. Nge2 h6 12. Be3 Bc5 13. Bxc5 Nxc5 14. Rd2 Rd8 15. Rhd1 Rxd2 16. Rxd2 Ke7 17. b4 Ncd7 18. Kb2 b5 19. a4 Nb6 20. Kb3 Nc4 21.
Rd1 a6 22. axb5 axb5 23. Ra1 Rd8 24. Ra6 Rd6 25. Ra7+ Nd7 26. Ra8 Rd2 27. Rc8 Kd6 28. Rg8 Ne3 29. Rxg7 Nb6 30. f4 Nbc4 31. fxe5+ Kxe5 32. g3 Rxc2 33. Nd1 Rxe2 34. Nxe3 Rxe3+ 35. Kc2 Rxe4 36. Rg6 Kd4 37. Rxh6 Re2+ 38. Kd1 Kd3 39. Rh8 Ne3+ 40. Kc1 Kc3 41. Kb1 Re1+ 42. Ka2 Nc2 43. Rc8 0-1

[Event "Early-Titled-Tuesday-Blitz-March-12-2024"]
[Site "Chess.com"]
[Date "2024.03.12"]
[Round "11"]
[White "KuzubovYuriy"]
[Black "CSB7"]
[Result "1/2-1/2"]
[WhiteElo "2906"]
[BlackElo "2778"]
[TimeControl "180+1"]
[EndTime "10:03:22 PDT"]
[Termination "Game drawn by repetition"]

1. d4 Nf6 2. c4 a6 3. Nc3 b5 4. cxb5 axb5 5. Nxb5 e5 6. dxe5 Ne4 7. Nc3 Bb4 8. Qc2 d5 9. e3 Bf5 10. Bd3 Qg5 11. Kf1 Bxc3 12. bxc3 Qg6 13. Qb2 Nc6 14. Nf3 O-O 15. Nh4 Qh5 16. Nf3 Ng3+ 17. fxg3 Bxd3+ 18. Kg1 Rfb8 19. Qf2 Be4 20. h3 Nxe5 21. g4 Nxf3+ 22.
gxf3 Qe5 23. Bd2 Bd3 24. Be1 Ra6 25. Kg2 h6 26. Rd1 Bc4 27. Rd2 Rba8 28. Qg3 Qxe3 29.
Qxc7 Rxa2 30. Rxa2 Rxa2+ 31. Kg3 Qe2 32. Qc8+ Kh7 33. Qf5+ Kg8 34. Qc8+ Kh7 35. Qf5+ Kg8 36. Qc8+ 1/2-1/2

[Event "Early-Titled-Tuesday-Blitz-March-12-2024"]
[Site "Chess.com"]
[Date "2024.03.12"]
[Round "11"]
[White "Gabcur"]
[Black "Misterfox120"]
[Result "1-0"]
[WhiteElo "2311"]
[BlackElo "2365"]
[TimeControl "180+1"]
[EndTime "10:03:22 PDT"]
[Termination "Gabcur won by checkmate"]

1. e4 c6 2. d4 d5 3. exd5 cxd5 4. c4 Nf6 5. Nc3 g6 6. Nf3 Bg7 7. Be2 O-O 8. O-O Nc6 9. c5 Ne4 10. Be3 e5 11. Nxe4 dxe4 12. Nxe5 Nxe5 13. dxe5 Bxe5 14. Rb1 Be6 15. Qa4 Qf6 16. b4 a6 17. a3 Rfd8 18.
Qc2 Bd5 19. a4 Qe6 20. Rfd1 Rac8 21. b5 axb5 22. axb5 Ra8 23. Bf1 Kg7 24. Qc1 f5 25. Bd4 Ba2 26. Bxe5+ Qxe5 27. Rxd8 Rxd8 28. Ra1 Bb3 29.
Be2 Rd5 30. Ra7 Rxc5 31. Rxb7+ Kg8 32. Qh6 Qa1+ 33. Bf1 Bf7 34. Rb8+ Be8 35. Rxe8+ Kf7 36. Qf8# 1-0

[Event "Early-Titled-Tuesday-Blitz-March-12-2024"]
[Site "Chess.com"]
[Date "2024.03.12"]
[Round "11"]
[White "profedechess93"]
[Black "Boorchess"]
[Result "0-1"]
[WhiteElo "2614"]
[BlackElo "2549"]
[TimeControl "180+1"]
[EndTime "10:03:24 PDT"]
[Termination "Boorchess won on time"]

1. e4 e5 2. Nf3 Nf6 3. Nxe5 d6 4. Nf3 Nxe4 5. Nc3 Nf6 6. d4 g6 7. Bg5 Bg7 8. Qd2 h6 9. Bf4 Nc6 10. Bb5 a6 11. Ba4 Kf8 12. O-O-O b5 13. Bb3 Na5 14.
d5 Nxb3+ 15. axb3 Bb7 16. Rhe1 b4 17. Ne4 Nxd5 18. Bg3 a5 19. Qe2 Kg8 20. Qb5 Qc8 21. Rxd5 c6 22. Nxd6 cxb5 23. Nxc8 Bxd5 24. Ne7+ Kh7 25.
Nxd5 a4 26. bxa4 Rxa4 27. Re7 Rd8 28. Rxf7 Rxd5 29. c3 b3 30. Nd2 Ra1+ 31. Nb1 Kg8 32. Re7 Kf8 33. Rb7 Be5 34. f4 Bd6 35. h3 Bc5 0-1

[Event "Early-Titled-Tuesday-Blitz-March-12-2024"]
[Site "Chess.com"]
[Date "2024.03.12"]
[Round "11"]
[White "SuperPower2011"]
[Black "andrew-blr"]
[Result "0-1"]
[WhiteElo "2788"]
[BlackElo "2645"]
[TimeControl "180+1"]
[EndTime "10:03:25 PDT"]
[Termination "andrew-blr won on time"]

1. e4 c5 2. Nf3 e6 3. c3 d5 4. e5 Nc6 5. d4 f6 6. exf6 Nxf6 7. Bd3 Bd6 8. O-O Bd7 9. Qe2 Qb6 10.
dxc5 Bxc5 11. Ng5 O-O 12. Qc2 h6 13. Nh7 Nxh7 14. Bxh7+ Kh8 15. Bg6 e5 16. b4 Bd6 17.
Nd2 e4 18. Nb3 Rac8 19. Be3 Qc7 20. Qd2 Bxh2+ 21. Kh1 Bf4 22. Qxd5 Ne7 23. Qxe4 Bc6 24. Qc2 Rf6 25. Be4 Rcf8 26. Bxc6 Qxc6 27. Nd4 Qd5 28. Bxf4 Rxf4 29. Rae1 Qh5+ 30. Kg1 Rh4 31. f3 Ng6 32.
Kf2 Nf4 33. Qe4 Rh2 34. Rg1 Nh3+ 0-1

[Event "Early-Titled-Tuesday-Blitz-March-12-2024"]
[Site "Chess.com"]
[Date "2024.03.12"]
[Round "11"]
[White "sansanathalia"]
[Black "Carlos-Godoy"]
[Result "1-0"]
[WhiteElo "2371"]
[BlackElo "2076"]
[TimeControl "180+1"]
[EndTime "10:03:28 PDT"]
[Termination "sansanathalia won on time"]

1. e4 e6 2. d4 d5 3. Nd2 Nf6 4. e5 Nfd7 5. Bd3 c5 6. c3 Nc6 7. Ne2 Qb6 8. Nf3 f6 9. exf6 Nxf6 10. O-O cxd4 11. Nexd4 Nxd4 12. Nxd4 Bd6 13. Re1 O-O 14. b3 Bd7 15. Bb2 Rae8 16. c4 e5 17. Nc2 e4 18.
Bf1 Ng4 19. Qxd5+ Be6 20. Qd4 Bxh2+ 21. Kh1 Be5 22. Qxb6 axb6 23. Bxe5 Nxe5 24. Kg1 Bf5 25. Nd4 Bg6 26. g3 Nf3+ 27. Nxf3 exf3 28. Bh3 h6 29. Be6+ Kh7 30. Bd5 Rd8 31. Re3 Bh5 32. Rd1 Rf6 33. Be4+ Kh8 34. Rxd8+ 1-0

[Event "Early-Titled-Tuesday-Blitz-March-12-2024"]
[Site "Chess.com"]
[Date "2024.03.12"]
[Round "11"]
[White "luckyswitchback"]
[Black "GMKrikor"]
[Result "1-0"]
[WhiteElo "2711"]
[BlackElo "2853"]
[TimeControl "180+1"]
[EndTime "10:03:30 PDT"]
[Termination "luckyswitchback won by resignation"]

1. e4 c5 2. Nf3 Nc6 3. Bb5 Nf6 4. Nc3 Qc7 5. O-O Nd4 6. Re1 a6 7. Bf1 e5 8. d3 d6 9. Bg5 Be7 10. Bxf6 Bxf6 11. Nd5 Qd8 12. c3 Nc6 13. a4 O-O 14. b4 cxb4 15. cxb4 Be6 16. Nxf6+ Qxf6 17. b5 Na5 18. Rb1 Rac8 19. Qd2 Nb3 20. Qb4 Nc5 21. d4 exd4 22. Nxd4 a5 23. Qd2 Nxa4 24. Ra1 Nc5 25. Rxa5 Rfe8 26. b6 Bd7 27. f3 d5 28. Qb4 Ne6 29.
Rxd5 Nxd4 30. Qxd4 Qxd4+ 31. Rxd4 Bc6 32. Bc4 Kf8 33.
Ra1 Re5 34. Ra7 Rc5 35. Bd5 Bxd5 36. Rxd5 Rxd5 37. exd5 Rd8 38. Rxb7 Rxd5 39. Rc7 1-0

[Event "Early-Titled-Tuesday-Blitz-March-12-2024"]
[Site "Chess.com"]
[Date "2024.03.12"]
[Round "11"]
[White "Pedrada88"]
[Black "Eloist"]
[Result "1-0"]
[WhiteElo "2549"]
[BlackElo "2434"]
[TimeControl "180+1"]
[EndTime "10:03:32 PDT"]
[Termination "Pedrada88 won on time"]

1. d4 e6 2. c4 Nf6 3. Nf3 b6 4. g3 Bb7 5. Bg2 Be7 6. O-O O-O 7. Nc3 Ne4 8. Bd2 f5 9. Rc1 Bf6 10. e3 d6 11. Ne1 Nxc3 12. Bxc3 Bxg2 13. Nxg2 e5 14.
dxe5 dxe5 15. Qd5+ Qxd5 16. cxd5 Rd8 17. e4 fxe4 18.
Ne3 Nd7 19. Rfd1 Nc5 20. Be1 Bg5 21. b4 Nd3 22. Rxc7 Bxe3 23. fxe3 Rxd5 24. Bc3 Nxb4 25.
Rf1 Rc5 26. Rd7 Nd5 27. Bxe5 Nf6 28. Bxf6 gxf6 29. Rxf6 Rf8 30. Rxf8+ Kxf8 31. Rxa7 Rc1+ 32.
Kg2 Rc2+ 33. Kh3 Re2 34. Rxh7 Rxa2 35. Rh4 Ra4 36. Kg4 Kf7 37. Kf5 Ra5+ 38. Kf4 b5 39. Kxe4 b4 40. Rh7+ Kg6 41. Rb7 Ra2 42. h4 1-0

[Event "Early-Titled-Tuesday-Blitz-March-12-2024"]
[Site "Chess.com"]
[Date "2024.03.12"]
[Round "11"]
[White "HanSchut"]
[Black "crazy_m_attack"]
[Result "1-0"]
[WhiteElo "2341"]
[BlackElo "2443"]
[TimeControl "180+1"]
[EndTime "10:03:34 PDT"]
[Termination "HanSchut won on time"]

1. e4 e5 2. Nf3 Nc6 3. Bc4 Nf6 4. d4 exd4 5. e5 Ng4 6. O-O Be7 7. Bf4 g5 8. Bxf7+ Kxf7 9. Nxg5+ Bxg5 10. Qxg4 h6 11. Qh5+ Kg7 12. Bg3 Qe8 13. Qxe8 Rxe8 14. f4 Bd8 15.
Nd2 d6 16. exd6 cxd6 17. f5 Bf6 18. Bxd6 Bd7 19. Bg3 Re2 20. Rad1 Rae8 21. a3 Ne5 22. Nb3 Bc6 23. Rf2 Ng4 24. Nxd4 Be5 25. Bxe5+ R8xe5 26. Rxe2 Ne3 27. Rde1 Rd5 28. Rxe3 Rxd4 29. g4 Rxg4+ 30. Rg3 Rxg3+ 31. hxg3 Kf6 32. g4 h5 33. gxh5 Kxf5 34. Kf2 Kg5 35. Re5+ Kh6 36. Rc5 1-0

[Event "Early-Titled-Tuesday-Blitz-March-12-2024"]
[Site "Chess.com"]
[Date "2024.03.12"]
[Round "11"]
[White "jaskol95"]
[Black "Matols"]
[Result "1-0"]
[WhiteElo "2541"]
[BlackElo "2351"]
[TimeControl "180+1"]
[EndTime "10:03:34 PDT"]
[Termination "jaskol95 won on time"]

1. e4 c6 2. d4 d5 3. e5 c5 4.
dxc5 e6 5. a3 Bxc5 6. b4 Be7 7.
Qg4 g6 8. Bb2 a5 9. b5 Nd7 10. Nf3 Nh6 11. Qf4 Nf5 12. g4 Nh4 13. Nbd2 Nxf3+ 14. Nxf3 Nc5 15. Bd3 Nxd3+ 16. cxd3 Bd7 17.
Nd4 Qb6 18. a4 Bb4+ 19. Ke2 Rc8 20. Rac1 O-O 21. h4 f6 22. Rxc8 Bxc8 23. exf6 Bd6 24. Qh6 Rxf6 25. h5 Bf8 26. Qg5 e5 27. Qxe5 Bxg4+ 28. Kf1 gxh5 29. Rg1 Bg7 30. Qxd5+ Be6 31. Rxg7+ Kxg7 32. Nxe6+ Kf7 33. Bxf6 Kxf6 34. Qg5+ Kf7 35. Qg7+ Ke8 36. Qg8+ Kd7 37. Qf7+ Kd6 38. Qf4+ Kd5 39. Nc7+ Kc5 40. Qe3+ 1-0

[Event "Early-Titled-Tuesday-Blitz-March-12-2024"]
[Site "Chess.com"]
[Date "2024.03.12"]
[Round "11"]
[White "agvega14"]
[Black "Gryffindorac8"]
[Result "0-1"]
[WhiteElo "2197"]
[BlackElo "2375"]
[TimeControl "180+1"]
[EndTime "10:03:34 PDT"]
[Termination "Gryffindorac8 won by checkmate"]

1. d4 Nf6 2. c4 c5 3. d5 b5 4.
cxb5 a6 5. bxa6 Bxa6 6. Nc3 d6 7. g3 g6 8. Bg2 Bg7 9. Nh3 O-O 10. O-O Nbd7 11. Qc2 Qb6 12. Rb1 Rfb8 13. b3 Ne8 14.
Bd2 Nc7 15. a4 Bb7 16. Nf4 Nf6 17. h4 h5 18. Rfd1 Na6 19. Nb5 Nb4 20. Bxb4 cxb4 21. Qd2 Ng4 22. e3 Ba6 23. Nd4 Ne5 24. Rbc1 Rc8 25.
Rxc8+ Rxc8 26. Rc1 Rxc1+ 27. Qxc1 Kh7 28. Qc2 Kg8 29.
Nc6 Qc7 30. Qd2 Nxc6 31. dxc6 Bc3 32. Qd5 e6 33. Qg5 Kf8 34. Qh6+ Ke7 35. Qh8 d5 36. Qa8 Bc8 37. Bxd5 Be5 38. Bf3 Bxf4 39. gxf4 Kf6 40. Qa5 Qxa5 41. Kg2 Qc7 42. e4 Ke7 43. e5 Ba6 44.
Be4 Be2 45. f3 Bd1 46. Kf2 Bxb3 47. Ke3 Bd5 48. Kd4 Bxe4 49. fxe4 Qxc6 50. a5 Qc3# 0-1

[Event "Early-Titled-Tuesday-Blitz-March-12-2024"]
[Site "Chess.com"]
[Date "2024.03.12"]
[Round "11"]
[White "GalaxyRoman"]
[Black "Zohid6"]
[Result "1-0"]
[WhiteElo "2737"]
[BlackElo "2877"]
[TimeControl "180+1"]
[EndTime "10:03:35 PDT"]
[Termination "GalaxyRoman won by checkmate"]

1. e4 e5 2. Nf3 Nf6 3. Nc3 Nc6 4. Bb5 Nd4 5. Bc4 Nxf3+ 6. Qxf3 Bc5 7. d3 h6 8. Be3 d6 9. h3 c6 10. Bb3 b5 11. a4 b4 12. Ne2 a5 13. Bxc5 dxc5 14.
O-O Qe7 15. Qe3 g5 16. f3 Nh5 17. Bc4 Nf4 18. Nc1 Be6 19. Bxe6 Nxe6 20. Nb3 h5 21. Rac1 g4 22. fxg4 hxg4 23. Rf5 gxh3 24. g3 O-O-O 25. Nxa5 Rdg8 26. Nxc6 Qc7 27. c3 b3 28. Nb4 Qd8 29. Nd5 Rxg3+ 30. Qxg3 Rg8 31. Ne7+ Qxe7 32. Qxg8+ Nd8 33.
Qg3 f6 34. Qxh3 Kb8 35. Qg3 Ne6 36. Rcf1 c4 37. dxc4 Qc5+ 38. Kg2 Qxc4 39. Qf3 Nc5 40. Rxf6 Nxe4 41. Rf8+ Kc7 42. Qf7+ Qxf7 43. R1xf7+ Kc6 44. a5 Kb5 45. Rb7+ Ka6 46. Rxb3 Nc5 47. Ra8# 1-0

[Event "Early-Titled-Tuesday-Blitz-March-12-2024"]
[Site "Chess.com"]
[Date "2024.03.12"]
[Round "11"]
[White "Kirill_Klukin"]
[Black "jk13"]
[Result "0-1"]
[WhiteElo "2794"]
[BlackElo "2692"]
[TimeControl "180+1"]
[EndTime "10:03:39 PDT"]
[Termination "jk13 won on time"]

1. e4 e5 2. Nf3 Nc6 3. Bc4 Bc5 4. b4 Bxb4 5. c3 Ba5 6. d4 exd4 7. O-O Nge7 8. Ng5 d5 9. exd5 Ne5 10. Qxd4 f6 11.
Bb5+ Kf8 12. Ba3 Kg8 13. d6 cxd6 14. Bxd6 g6 15. Ne4 Nf5 16. Qd5+ Kg7 17. Bc4 Nxc4 18.
Qxc4 Nxd6 19. Nxd6 Qxd6 20. a4 Be6 21. Qh4 Rhd8 22.
Na3 Bf7 23. Nc4 Bxc4 24. Qxc4 Rac8 25. Qe4 Rc7 26. g3 Bxc3 27. Rad1 Qxd1 28. Rxd1 Rxd1+ 29. Kg2 Rdd7 30. h4 h5 31. Qf3 Be5 32. Qe4 Rd2 33. Kf1 Rc1+ 34. Kg2 Rcc2 35. Qxb7+ Kh6 36. Qa8 Rxf2+ 37.
Kg1 f5 38. Qf8+ Bg7 39. Qe7 Rfe2 40. Qg5+ Kh7 41. Kf1 Rh2 42. Kg1 Rhd2 0-1

[Event "Early-Titled-Tuesday-Blitz-March-12-2024"]
[Site "Chess.com"]
[Date "2024.03.12"]
[Round "11"]
[White "FairChess_on_YouTube"]
[Black "snowlord"]
[Result "1-0"]
[WhiteElo "3108"]
[BlackElo "2911"]
[TimeControl "180+1"]
[EndTime "10:03:41 PDT"]
[Termination "FairChess_on_YouTube won by resignation"]

1. e4 c5 2. Na3 e6 3. Nf3 Nc6 4. c3 d5 5. e5 Nge7 6. d4 Bd7 7. Nc2 Qa5 8. Bd2 Qb6 9. Bd3 c4 10. Be2 Qxb2 11. Rb1 Qxa2 12. Rxb7 Qa6 13. Rxd7 Kxd7 14. O-O Qa4 15. Ng5 Nd8 16. Bg4 h6 17. Nxf7 Nxf7 18.
Bxe6+ Ke8 19. f4 Nd8 20. Bh3 g6 21. f5 Nxf5 22. Qg4 Rg8 23. Ne3 h5 24. Qf3 Nxe3 25. Bxe3 Qc6 26. e6 Be7 27. Bh6 Bd6 28. Qf6 Qc7 29. e7 Qxe7 30. Qf3 Rb8 31. Qxd5 Rh8 32.
Bg5 Qc7 33. Re1+ Kf8 34. Qf3+ Nf7 35. Qf6 Rg8 36. Bh6+ 1-0

[Event "Early-Titled-Tuesday-Blitz-March-12-2024"]
[Site "Chess.com"]
[Date "2024.03.12"]
[Round "11"]
[White "TigrVShlyape"]
[Black "LiadCuba"]
[Result "1-0"]
[WhiteElo "2926"]
[BlackElo "2565"]
[TimeControl "180+1"]
[EndTime "10:03:42 PDT"]
[Termination "TigrVShlyape won on time"]

1. e4 c5 2. Nf3 d6 3. d4 cxd4 4.
Nxd4 Nf6 5. Nc3 a6 6. a4 e5 7.
Nf3 Be7 8. Bc4 Be6 9. Bb3 O-O 10. O-O Nc6 11. Bg5 Nd7 12. Be3 Rc8 13. Nd2 Nc5 14. Bxc5 dxc5 15. Bxe6 fxe6 16. Nc4 Qc7 17. Qg4 Rf6 18.
h4 Nd4 19. g3 Nxc2 20. Rad1 Nd4 21. a5 Rcf8 22. Rd3 Rg6 23. Qh5 Bf6 24. Kg2 Qf7 25.
Qd1 Nc6 26. Rd7 Qe8 27. h5 Rg5 28. Rxb7 Nd4 29. Rb6 Rxh5 30. Rxa6 Qg6 31. Rd6 Qh6 32. Rh1 Rxh1 33. Qxh1 Qxh1+ 34. Kxh1 h5 35. Kg2 Rb8 36. a6 Nb5 37. Rb6 Rxb6 38. Nxb6 Na7 39. Nd7 Be7 40. Nxe5 Bd6 41. Nc4 1-0

[Event "Early-Titled-Tuesday-Blitz-March-12-2024"]
[Site "Chess.com"]
[Date "2024.03.12"]
[Round "11"]
[White "Fandorine"]
[Black "zajka-molotok"]
[Result "1-0"]
[WhiteElo "2949"]
[BlackElo "2565"]
[TimeControl "180+1"]
[EndTime "10:03:42 PDT"]
[Termination "Fandorine won by resignation"]

1. d4 d5 2. c4 dxc4 3. e3 Nf6 4. Bxc4 e6 5. Nf3 c5 6. O-O a6 7.
Re1 b5 8. Bf1 Bb7 9. a4 b4 10. e4 Nbd7 11. e5 Nd5 12. Nbd2 Be7 13. Ne4 O-O 14. Bg5 h6 15. Bxe7 Qxe7 16. Rc1 cxd4 17.
Qxd4 Rac8 18. Rxc8 Rxc8 19. Nd6 Rc7 20. Nxb7 Rxb7 21.
Bxa6 Rb8 22. Bc4 N7b6 23. a5 Nxc4 24. Qxc4 Qa7 25. Ra1 Rb7 26. h3 Rc7 27. Qd3 Nf4 28. Qe3 Qxe3 29. fxe3 Nd3 30. Nd4 Nxe5 31. a6 Ra7 32.
Nb5 Ra8 33. a7 Nc6 34. Ra6 Nxa7 35. Rxa7 Rd8 36. Nd4 e5 37. Nc6 Rd2 38. Nxe5 Rxb2 39. Rxf7 Re2 40. Rb7 Rxe3 41. Nc4 Re1+ 42. Kf2 Rb1 43.
Na5 Kh7 44. Nc6 b3 45. Na5 b2 46. Nc4 Rc1 47. Nxb2 Rb1 48. Rb6 h5 49. Nc4 Rc1 50.
Ne3 Ra1 51. Rc6 g6 52. h4 Kh6 53. g3 Ra2+ 54. Kf3 Ra3 55. Rc7 Rb3 56. Re7 Ra3 57. Kg2 Ra2+ 58. Kh3 Ra3 59. Ng2 Ra1 60. Nf4 Ra6 61.
Re6 1-0